 Dungeon Crawl Stone Soup version 0.29-a0-1043-g569b05d6ff (webtiles) character file.

Game seed: 16325529221887051656

28 hikkokomori the Digger (level 3, -1/20 HPs)
             Began as a Gargoyle Earth Elementalist on Aug 16, 2022.
             Slain by Terence
             ... wielding a +0 trident of venom
              (8 damage)
             ... on level 2 of the Dungeon.
             The game lasted 00:01:56 (1265 turns).

hikkokomori the Digger (GrEE)                       Turns: 1265, Time: 00:01:56

Health: -1/20      AC:  5    Str: 13    XL:     3   Next: 12%
Magic:  2/6        EV: 12    Int: 15    God:
Gold:   14         SH:  0    Dex: 10    Spells: 5/6 levels left

rFire   . . .      SeeInvis .   c - +0 short sword
rCold   . . .      Faith    .   (no shield)
rNeg    + . .      Spirit   .   a - +0 robe
rPois   ∞          Reflect  .   (no helmet)
rElec   +          Harm     .   (no cloak)
rCorr   .          Rampage  .   (no gloves)
Will    .....                   (no boots)
Stlth   ++........              (no amulet)
HPRegen 0.06/turn               (no ring)
MPRegen 0.10/turn               (no ring)

@: no status effects
A: sickness immunity, AC +3, negative energy resistance 1, electricity
resistance, torment resistance 1, petrification resistance
a: no special abilities


You were on level 2 of the Dungeon.
You visited 1 branch of the dungeon, and saw 2 of its levels.

You collected 14 gold pieces.

Inventory:

Hand Weapons
 c - a +0 short sword (weapon)
Armour
 a - a +0 robe (worn)
Scrolls
 d - a scroll of enchant weapon {unknown}
 f - 3 scrolls of acquirement {unknown}
 g - a scroll of identify {unknown}
 i - a scroll of fog {unknown}
Potions
 b - 2 potions of magic
 e - a potion of brilliance {unknown}
 h - a potion of heal wounds {unknown}


   Skills:
 + Level 0.5 Fighting
 + Level 1.9 Dodging
 + Level 2.6 Stealth
 + Level 2.2 Spellcasting
 - Level 1.0 Transmutations
 + Level 3.9 Earth Magic


You had 5 spell levels left.
You knew the following spells:

 Your Spells              Type           Power      Damage    Failure   Level
a - Sandblast             Erth           26%        2d8       4%          1

Your spell library contained the following spells:

 Spells                   Type           Power      Damage    Failure   Level
 Passwall                 Tmut/Erth      7%         N/A       12%         2
 Stone Arrow              Conj/Erth      14%        3d7       28%         3
 Petrify                  Tmut/Erth      9%         N/A       58%         4


Dungeon Overview and Level Annotations

Branches:
Dungeon (2/15)

Altars:

Annotations:
D:2 Terence


Innate Abilities, Weirdness & Mutations

You are immune to sickness and miasma.
Your stone body is resilient. (AC +3)
You are immune to poison.
You resist negative energy. (rN+)
You are resistant to electric shocks. (rElec)
You are resistant to unholy torment.
You are immune to petrification.


Message History

A kobold comes into view. It is wielding a +0 dagger.
The kobold shouts!
A bat comes into view.
There is an open door here.
Casting: Sandblast (safe; 4% risk of failure)
Confirm with . or Enter, or press ? or * to list all spells.
Aiming: Sandblast (safe; 4% risk of failure)
Press: ? - help, Shift-Dir - straight line, f - Terence
Aim: Terence, wielding a +0 trident of venom and wearing a +0 scale mail (84% to hit)
The blast of sand hits Terence.
Terence is moderately wounded.
Terence hits you from afar with a +0 trident of venom. x2
Casting: Sandblast (safe; 4% risk of failure)
Confirm with . or Enter, or press ? or * to list all spells.
Aiming: Sandblast (safe; 4% risk of failure)
Press: ? - help, Shift-Dir - straight line, f/p - Terence
Aim: Terence, wielding a +0 trident of venom and wearing a +0 scale mail (moderately wounded, 84% to hit)
The blast of sand hits Terence but does no damage.
Terence is moderately wounded.
Terence hits you from afar with a +0 trident of venom.
Terence hits you but does no damage.
Casting: Sandblast (safe; 4% risk of failure)
Confirm with . or Enter, or press ? or * to list all spells.
Aiming: Sandblast (safe; 4% risk of failure)
Press: ? - help, Shift-Dir - straight line, f/p - Terence
Aim: Terence, wielding a +0 trident of venom and wearing a +0 scale mail (moderately wounded, 84% to hit)
The blast of sand hits Terence!
Terence is almost dead.
Terence hits you from afar with a +0 trident of venom.
Terence hits you but does no damage.
Casting: Sandblast (safe; 4% risk of failure)
Confirm with . or Enter, or press ? or * to list all spells.
Aiming: Sandblast (safe; 4% risk of failure)
Press: ? - help, Shift-Dir - straight line, f/p - Terence
Aim: Terence, wielding a +0 trident of venom and wearing a +0 scale mail (almost dead, 84% to hit)
The blast of sand hits Terence but does no damage.
Terence is almost dead.
Terence barely misses you.
Terence hits you from afar with a +0 trident of venom!
You die...

..######.#.##.# #.?...
#.#.#..# ......
#...#<.# #.....####
#.).##### #.~~~....#
#....>... ..~_~....#
#.#.##### ..$~~....#
#.#..#
.........####.##.####.
........r@.@..........
##......K####.........
#.......# #####..###
#.......# .# #..K....#
.# .$..###### # ..b.
...


You could see Terence, a quokka and a kobold.

Vanquished Creatures
  3 dart slugs (D:1)
  2 endoplasms (D:1)
  A goblin (D:1)
  2 hobgoblins (D:1)
  5 kobolds
  A quokka (D:1)
  4 bats (D:1)
  2 frilled lizards (D:1)
  2 rats (D:1)
22 creatures vanquished.

Notes
Turn   | Place    | Note
-------+----------+-------------------------------------------
     0 | D:1      | hikkokomori the Gargoyle Earth Elementalist began the quest
                  | for the Orb.
     0 | D:1      | Reached XP level 1. HP: 10/10 MP: 3/3
   397 | D:1      | Reached skill level 1 in Transmutations
   397 | D:1      | Reached XP level 2. HP: 9/15 MP: 3/5
   933 | D:1      | Reached XP level 3. HP: 20/20 MP: 6/6
  1254 | D:2      | Found a faded altar of an unknown god.
  1255 | D:2      | Noticed Terence
  1265 | D:2      | Slain by Terence

Illustrated notes

Levels and vault maps discovered:
D:1:      dpeg_arrival_shrine, layout_basic, minmay_ruptured
D:2:      layout_basic, hellmonk_ecumenical_altar_pennies_from_heaven,
          basic_altar, uniq_terence

Skill      XL: |  1 |
---------------+----+-----
Transmutations | 1 |  1.0
Fighting       | |  0.5
Dodging        | |  1.9
Stealth        | |  2.6
Spellcasting   | |  2.2
Earth Magic    | |  3.9

Action                   || total
-------------------------++-------
Melee: Short sword       ||    41
 Cast: Sandblast         ||    16
 Stab: Sleeping          ||     2
Armor: Robe              ||    20
Dodge: Dodged            ||    30

Table legend: (Time is in decaauts)
 A = Elapsed time spent in this place.
 B = Non-inter-level travel time spent in this place.
 C = Inter-level travel time spent in this place.
 D = Time resting spent in this place.
 E = Time spent auto-exploring this place.
 F = Levels seen in this place.
 G = Mean time per level.
                   A        B        C        D        E       F      G
               +--------+--------+--------+--------+--------+-----+--------+
         Total |   1284 |   1271 |     13 |      0 |   1027 |   2 |  642.0 |
       Dungeon |   1284 |   1271 |     13 |      0 |   1027 |   2 |  642.0 |
               +--------+--------+--------+--------+--------+-----+--------+

Top non-repeatable levels by time:
     D:1: 1211 daAuts
     D:2: 73 daAuts
